 Dungeon Crawl Stone Soup version 0.30.1-9-gdf580d7c3d (webtiles) character file.

Game seed: 10576457557222724844

441 Ivernyr the Shield-Bearer (level 7, -1/55 HPs)
             Began as a Formicid Fighter on Oct 5, 2023.
             Slain by an iguana (7 damage)
             ... on level 5 of the Dungeon.
             The game lasted 00:05:28 (3384 turns).

Ivernyr the Shield-Bearer (Formicid Fighter)        Turns: 3384, Time: 00:05:29

Health: -1/55      AC:  7    Str: 22    XL:     7   Next: 22%
Magic:  7/7        EV:  9    Int:  8    God:
Gold:   172        SH:  5    Dex: 13    Spells: 6/6 levels left

rFire   . . .        a - +0 quarterstaff
rCold   . . .        c - +0 buckler
rNeg    . . .        b - +0 scale mail
rPois   .            (helmet unavailable)
rElec   .            (no cloak)
rCorr   .            (no gloves)
SInv    +            (no boots)
Will    .....        (no amulet) Stlth
                     (no ring)
HPRegen 0.29/turn    (no ring)
MPRegen 0.10/turn

%: no passive effects
@: no status effects
A: permanent stasis, dig shafts and tunnels, antennae 3, four strong arms
a: Dig, Shaft Self


You were on level 5 of the Dungeon.
You visited 1 branch of the dungeon, and saw 5 of its levels.

You collected 172 gold pieces.

Inventory:

Hand Weapons
 a - a +0 quarterstaff (weapon)
Armour
 b - a +0 scale mail (worn)
 c - a +0 buckler (worn)
Wands
 k - a wand of digging (5)
 m - a wand of flame (27)
Scrolls
 f - a scroll of immolation {unknown}
 g - a scroll of enchant armour {unknown}
 i - 3 scrolls of identify {unknown}
 j - 2 scrolls of torment {unknown}
 l - 5 scrolls of amnesia {unknown}
 o - a scroll of vulnerability {unknown}
 p - a scroll of fog {unknown}
 q - a scroll of teleportation {unknown}
 r - a scroll of enchant weapon {unknown}
Potions
 d - a potion of might
 e - a potion of mutation {unknown}
 h - 4 potions of heal wounds {unknown}
 n - 2 potions of curing {unknown}
 s - 2 potions of flight {unknown}
 t - a potion of invisibility {unknown}
 u - a potion of degeneration {unknown}
 v - 2 potions of haste {unknown}


   Skills:
 + Level 4.9 Fighting
 * Level 4.2 Staves
 + Level 5.0 Armour
 + Level 6.0 Shields


You had 6 spell levels left.
You didn't know any spells.
Your spell library contained the following spells:

 Spells                   Type           Power      Damage    Failure   Level
 Apportation              Tloc           0%         N/A       78%         1
 Beastly Appendage        Tmut           0%         N/A       78%         1
 Necrotise                Necr           0%         1d4       78%         1
 Summon Small Mammal      Summ           0%         N/A       78%         1
 Wereblood                Tmut           0%         N/A       89%         2
 Spider Form              Tmut/Pois      0%         N/A       98%         3


Dungeon Overview and Level Annotations

Branches:
Dungeon (5/15)             Temple (0/1) D:4

Altars:


Innate Abilities, Weirdness & Mutations

You cannot be hasted, slowed, berserked, paralysed or teleported.
You can dig through walls and to a lower floor.
You have a pair of large antennae on your head. (SInv)
Your four strong arms can wield two-handed weapons with a shield.


Message History

The gnoll is almost dead.
The gnoll hits you with a +0 flail!
* * * LOW HITPOINT WARNING * * *
The gnoll hits you but does no damage.
You sock the gnoll!
You kill the gnoll!
The gnoll barely misses you.
Your Shields skill increases to level 6!
Unknown command.
You extend your mandibles.
You retract your mandibles.
The iguana hisses menacingly.
The gnoll misses you. You block the gnoll's attack.
You thump the gnoll!
The gnoll is heavily wounded.
The gnoll hits you with a +0 spear.
* * * LOW HITPOINT WARNING * * *
You hit the gnoll but do no damage.
The gnoll is heavily wounded.
The gnoll hits you with a +0 spear.
* * * LOW HITPOINT WARNING * * *
You closely miss the gnoll.
The gnoll is heavily wounded.
The gnoll misses you.
You hit the gnoll but do no damage.
The gnoll is heavily wounded.
The gnoll hits you but does no damage.
You hit the gnoll.
The gnoll is severely wounded.
The gnoll hits you but does no damage.
You hit the gnoll.
The gnoll is almost dead.
The gnoll hits you but does no damage.
You hit the gnoll.
You kill the gnoll!
Your Armour skill increases to level 5!
Are you sure you want to shaft yourself?
The iguana bites you!
You die...

#...# #.'...(#.# #.###
###...##.# #.†.#
#........# #.#.#
#........# #.#)#
#........# #.#.# #####
#........# { #...#
#...# #........# ##..#
#.#.######........#
...###.##
#.#g)l@.#...#######
........###.#####...###
##.####...g.#####..##
####....#...##
##.#..>..# #.#######
#......# ######.#


You could see an iguana and a gnoll.

Vanquished Creatures
  A phantom (D:5)
  A scorpion (D:4)
  2 hounds
  3 iguanas
  5 adders
  3 gnolls (D:5)
  2 worms
  2 dart slugs
  4 orcs (D:3)
  4 endoplasms
  10 giant cockroaches
  5 goblins
  8 hobgoblins
  7 jackals
  9 quokkas
  8 ball pythons
  2 bats (D:1)
  3 frilled lizards
  5 kobolds
  5 rats
89 creatures vanquished.

Notes
Turn   | Place    | Note
-------+----------+-------------------------------------------
     0 | D:1      | Ivernyr the Formicid Fighter began the quest for the Orb.
     0 | D:1      | Reached XP level 1. HP: 18/18 MP: 1/1
    31 | D:1      | You fall into a shaft and drop 1 floor!
    60 | D:2      | Reached XP level 2. HP: 23/24 MP: 2/2
   122 | D:2      | Reached XP level 3. HP: 16/29 MP: 3/3
   886 | D:1      | Reached XP level 4. HP: 35/37 MP: 4/4
  1009 | D:1      | Found a faded altar of an unknown god.
  1851 | D:3      | Reached XP level 5. HP: 30/42 MP: 5/5
  2411 | D:4      | Reached skill level 5 in Shields
  2593 | D:4      | Found a staircase to the Ecumenical Temple.
  2747 | D:4      | Reached XP level 6. HP: 36/49 MP: 6/6
  3064 | D:5      | Entered Level 5 of the Dungeon
  3332 | D:5      | Reached XP level 7. HP: 55/55 MP: 7/7
  3358 | D:5      | Reached skill level 6 in Shields
  3383 | D:5      | Reached skill level 5 in Armour
  3384 | D:5      | Slain by an iguana

Illustrated notes

Levels and vault maps discovered:
D:1:      elethiomel_arrival_infinity_welcomes_careful_drivers,
          layout_loops_corners, hellmonk_ecumenical_altar_defaced_shrine,
          minmay_misc_feat_chi
D:2:      layout_rooms
D:3:      layout_basic
D:4:      layout_loops_ring, minmay_temple_entry_hall, minmay_unequal
D:5:      layout_basic, mainiacjoe_overflow_big_doors

Skill      XL: |  1  2  3  4  5  6  7 |
---------------+----------------------+-----
Armour         | 4 5 |  5.0
Fighting       | 4 |  4.9
Shields        | 5 6 |  6.0
Staves         | 3 4 |  4.2

Action                     |  1- 3 |  4- 6 |  7- 9 || total
---------------------------+-------+-------+-------++-------
  Melee: Quarterstaff      |    65 |   186 |    15 ||   266
Ability: Dig               |       |       |     1 ||     1
         Shaft Self        |       |       |     1 ||     1
 Armour: Scale mail        |    27 |    79 |     6 ||   112
  Dodge: Dodged            |    34 |    89 |     6 ||   129
  Block: Buckler           |    15 |    48 |     6 ||    69
